3AA
SALEM MISFITS @ SAN ANTONIO BC
07/19/2034
 
TOP OF THE 1ST
Salem Misfits batting - Pitching for San Antonio BC : RHP Shadi Zafar
Pitching: RHP Shadi Zafar
Batting: SHB Soren Loen 0-0: Ball
1-0: Ball
2-0: SINGLE (Flyball, 78S)
Batting: LHB Bill Gracián 0-0: Ball
Wild Pitch!
Soren Loen to second
1-0: Called Strike
1-1: Ball
2-1: Foul Ball, location: 2F
2-2: Foul Ball, location: 2F
2-2: Ball
3-2: Fly out, F7 (Line Drive, 7S)
Batting: RHB Mariano Saelices 0-0: SINGLE (Line Drive, 6)
Soren Loen to third
Batting: RHB Charles Basle 0-0: Ball
1-0: Ball
2-0: Ball
3-0: Called Strike
3-1: Base on Balls
Mariano Saelices to second
Batting: RHB Jean Couturier 0-0: Ball
1-0: Foul Ball, location: 2F
1-1: Ball
2-1: Foul Ball, location: 2F
2-2: Ball
3-2: Foul Ball, location: 2F
3-2: Foul Ball, location: 2F
3-2: Foul Ball, location: 2F
3-2: Grounds into double play, 6-4-3 (Groundball, 6M)
Top of the 1st over - 0 runs, 2 hits, 0 errors, 2 left on base; Salem 0 - San Antonio 0
BOTTOM OF THE 1ST
San Antonio BC batting - Pitching for Salem Misfits : RHP Dusty Fox
Pitching: RHP Dusty Fox
Batting: RHB Alfonso Torres 0-0: Ball
1-0: Ball
2-0: Ball
3-0: Foul Ball, location: 2F
3-1: Swinging Strike
3-2: Strikes out swinging
Batting: RHB Alba Hidalgo de Jesus 0-0: Swinging Strike
0-1: Swinging Strike
0-2: Ball
1-2: Foul Ball, location: 2F
1-2: Ball
2-2: Strikes out looking
Batting: RHB Mike Howard 0-0: Foul Ball, location: 2F
0-1: Swinging Strike
0-2: Fly out, F9 (Flyball, 9S)
Bottom of the 1st over - 0 runs, 0 hits, 0 errors, 0 left on base; Salem 0 - San Antonio 0
TOP OF THE 2ND
Salem Misfits batting - Pitching for San Antonio BC : RHP Shadi Zafar
Batting: RHB Nelson Rivera 0-0: Ball
1-0: Swinging Strike
1-1: Fly out, F8 (Line Drive, 78XD)
Batting: RHB Damon Newbold 0-0: Ball
1-0: Foul Ball, location: 2F
1-1: Swinging Strike
1-2: Ball
2-2: Ball
3-2: Fly out, F8 (Flyball, 8LD)
Batting: RHB Atanza Vongor 0-0: SINGLE (Groundball, 56S) (infield hit)
Batting: RHB Kimi Okubo 0-0: Ball
1-0: Ball
2-0: Foul Ball, location: 2F
2-1: Ball
3-1: DOUBLE (Groundball, 5L)
Atanza Vongor to third
Runner from 3rd tries for Home, SAFE, no throw
Batting: SHB Soren Loen 0-0: Called Strike
0-1: Ground out 5-3 (Groundball, 5)
Top of the 2nd over - 1 run, 2 hits, 0 errors, 1 left on base; Salem 1 - San Antonio 0
BOTTOM OF THE 2ND
San Antonio BC batting - Pitching for Salem Misfits : RHP Dusty Fox
Batting: RHB Silverberry Mouhon 0-0: Called Strike
0-1: Foul Ball, location: 2F
0-2: Strikes out swinging
Batting: RHB Chet Mathis 0-0: Ball
1-0: Foul Ball, location: 2F
1-1: Ball
2-1: Called Strike
2-2: Foul Ball, location: 2F
2-2: Ball
3-2: Fly out, F9 (Flyball, 9LD)
Batting: RHB José Salinas 0-0: Ball
1-0: Foul Ball, location: 2F
1-1: Ball
2-1: SINGLE (Line Drive, 9S)
Batting: RHB Dixon Snyder 0-0: Ball
1-0: Foul Ball, location: 2F
1-1: Ball
2-1: Ball
3-1: Base on Balls
José Salinas to second
Batting: RHB Brodie Floyd 0-0: Called Strike
0-1: Ball
1-1: Ball
2-1: Called Strike
2-2: Foul Ball, location: 2F
2-2: Ball
3-2: Strikes out swinging
Bottom of the 2nd over - 0 runs, 1 hit, 0 errors, 2 left on base; Salem 1 - San Antonio 0
TOP OF THE 3RD
Salem Misfits batting - Pitching for San Antonio BC : RHP Shadi Zafar
Batting: LHB Bill Gracián 0-0: Called Strike
0-1: Ball
1-1: Called Strike
1-2: Strikes out looking
Batting: RHB Mariano Saelices 0-0: Ball
1-0: Called Strike
1-1: Ball
2-1: Ground out 6-3 (Groundball, 6)
Batting: RHB Charles Basle 0-0: Ball
1-0: Ball
2-0: Ball
3-0: Base on Balls
Batting: RHB Jean Couturier 0-0: Foul Ball, location: 2F
0-1: Ball
1-1: Fielders Choice at 2nd, 6-4 (Groundball, 6)
Top of the 3rd over - 0 runs, 0 hits, 0 errors, 1 left on base; Salem 1 - San Antonio 0
BOTTOM OF THE 3RD
San Antonio BC batting - Pitching for Salem Misfits : RHP Dusty Fox
Batting: RHB Tong-sik Im 0-0: SINGLE (Groundball, 56D)
Batting: RHB Alfonso Torres 0-0: Ball
1-0: SINGLE (Line Drive, 78S)
Tong-sik Im to second
Batting: RHB Alba Hidalgo de Jesus 0-0: Ball
1-0: Swinging Strike
1-1: Ball
2-1: Foul Ball, location: 2F
2-2: Foul Ball, location: 2F
2-2: Grounds into double play, 6-4-3 (Groundball, 6)
Tong-sik Im to third
Batting: RHB Mike Howard 0-0: Called Strike
0-1: Swinging Strike
0-2: Fly out, F7 (Flyball, 7S)
Bottom of the 3rd over - 0 runs, 2 hits, 0 errors, 1 left on base; Salem 1 - San Antonio 0
TOP OF THE 4TH
Salem Misfits batting - Pitching for San Antonio BC : RHP Shadi Zafar
Batting: RHB Nelson Rivera 0-0: Called Strike
0-1: Called Strike
0-2: SINGLE (Groundball, 4MD)
Batting: RHB Damon Newbold 0-0: Swinging Strike
0-1: Ball
1-1: Ball
2-1: Ball
3-1: Base on Balls
Nelson Rivera to second
Batting: RHB Atanza Vongor 0-0: Ball
1-0: Called Strike
1-1: Ball
2-1: Foul Ball, location: 2F
2-2: Strikes out swinging
Batting: RHB Kimi Okubo 0-0: Ball
1-0: Ball
2-0: Called Strike
2-1: Swinging Strike
2-2: Strikes out swinging
Batting: SHB Soren Loen 0-0: Fly out, F7 (Flyball, 7LM)
Top of the 4th over - 0 runs, 1 hit, 0 errors, 2 left on base; Salem 1 - San Antonio 0
BOTTOM OF THE 4TH
San Antonio BC batting - Pitching for Salem Misfits : RHP Dusty Fox
Batting: RHB Silverberry Mouhon 0-0: Swinging Strike
0-1: Foul Ball, location: 2F
0-2: Ball
1-2: Ball
2-2: Strikes out looking
Batting: RHB Chet Mathis 0-0: Called Strike
0-1: Ball
1-1: SINGLE (Groundball, 56D)
Batting: RHB José Salinas 0-0: Ball
1-0: Called Strike
1-1: Foul Ball, location: 2F
1-2: Ball
2-2: Grounds into double play, 6-4-3 (Groundball, 6)
Bottom of the 4th over - 0 runs, 1 hit, 0 errors, 0 left on base; Salem 1 - San Antonio 0
TOP OF THE 5TH
Salem Misfits batting - Pitching for San Antonio BC : RHP Shadi Zafar
Batting: LHB Bill Gracián 0-0: Ball
1-0: Ball
2-0: Foul Ball, location: 2F
2-1: Ball
3-1: Base on Balls
Batting: RHB Mariano Saelices 0-0: Ball
1-0: Ground out 4-3 (Groundball, 34D)
Bill Gracián to second
Batting: RHB Charles Basle 0-0: Ball
1-0: Called Strike
1-1: DOUBLE (Flyball, 89D)
Bill Gracián scores
Batting: RHB Jean Couturier 0-0: Intentional Walk
Batting: RHB Nelson Rivera 0-0: Called Strike
0-1: Swinging Strike
0-2: Strikes out swinging
Batting: RHB Damon Newbold 0-0: SINGLE (Groundball, 6MD)
Charles Basle to third
Jean Couturier to second
Runner from 3rd tries for Home, SAFE, no throw
Batting: RHB Atanza Vongor 0-0: Fly out, F6 (Popup, P)
Top of the 5th over - 2 runs, 2 hits, 0 errors, 2 left on base; Salem 3 - San Antonio 0
BOTTOM OF THE 5TH
San Antonio BC batting - Pitching for Salem Misfits : RHP Dusty Fox
Batting: RHB Dixon Snyder 0-0: Ball
1-0: Foul Ball, location: 2F
1-1: Foul Ball, location: 2F
1-2: SINGLE (Groundball, 34S) (infield hit)
Batting: RHB Brodie Floyd 0-0: Grounds into double play, 6-4-3 (Groundball, 6)
Batting: RHB Tong-sik Im 0-0: Called Strike
0-1: Ball
1-1: Foul Ball, location: 2F
1-2: Ball
2-2: Fly out, F8 (Flyball, 8LM)
Bottom of the 5th over - 0 runs, 1 hit, 0 errors, 0 left on base; Salem 3 - San Antonio 0
TOP OF THE 6TH
Salem Misfits batting - Pitching for San Antonio BC : RHP Shadi Zafar
Batting: RHB Kimi Okubo 0-0: Foul Ball, location: 2F
0-1: Foul Ball, location: 2F
0-2: Ball
1-2: Foul Ball, location: 2F
1-2: Fly out, F9 (Flyball, 9D)
Batting: SHB Soren Loen 0-0: Ball
1-0: Ball
2-0: Ball
3-0: Called Strike
3-1: Swinging Strike
3-2: Base on Balls
Batting: LHB Bill Gracián 0-0: Foul Ball, location: 2F
0-1: Swinging Strike
0-2: SINGLE (Groundball, 34)
Soren Loen to second
Runner from 2nd tries for 3rd, SAFE, throw made to third
Bill Gracián to second
Batting: RHB Mariano Saelices 0-0: Intentional Walk
Batting: RHB Charles Basle 0-0: Ball
1-0: DOUBLE (Flyball, 78D)
Soren Loen scores
Bill Gracián scores
Mariano Saelices to third
Pitching: RHP Clyde Pell
Batting: RHB Jean Couturier 0-0: Called Strike
0-1: Called Strike
0-2: Ball
1-2: Ball
2-2: Ball
3-2: SINGLE (Groundball, 6MD)
Mariano Saelices scores
Charles Basle to third
Runner from 3rd tries for Home, SAFE, no throw
Batting: RHB Nelson Rivera 0-0: Ball
1-0: SINGLE (Groundball, 56) (infield hit)
Jean Couturier to second
Batting: RHB Damon Newbold 0-0: Called Strike
0-1: Fielders Choice at 2nd, 6-4 (Groundball, 6)
Jean Couturier to third
Batting: RHB Atanza Vongor 0-0: Called Strike
0-1: Ball
1-1: SINGLE (Flyball, 9S)
Jean Couturier scores
Damon Newbold to second
Runner from 2nd tries for 3rd, SAFE, no throw
Batting: RHB Kimi Okubo 0-0: Ball
1-0: Foul Ball, location: 2F
1-1: Fly out, F7 (Flyball, 78D)
Top of the 6th over - 5 runs, 5 hits, 0 errors, 2 left on base; Salem 8 - San Antonio 0
BOTTOM OF THE 6TH
San Antonio BC batting - Pitching for Salem Misfits : RHP Dusty Fox
Batting: RHB Alfonso Torres 0-0: Ball
1-0: Foul Ball, location: 2F
1-1: Foul Ball, location: 2F
1-2: Strikes out swinging
Batting: RHB Alba Hidalgo de Jesus 0-0: SINGLE (Groundball, 34D)
Batting: RHB Mike Howard 0-0: Foul Ball, location: 2F
0-1: Hit by Pitch
Alba Hidalgo de Jesus to second
Batting: RHB Silverberry Mouhon 0-0: Ball
1-0: Foul Ball, location: 2F
1-1: Grounds into double play, 6-4-3 (Groundball, 6)
Bottom of the 6th over - 0 runs, 1 hit, 0 errors, 1 left on base; Salem 8 - San Antonio 0
TOP OF THE 7TH
Salem Misfits batting - Pitching for San Antonio BC : RHP Clyde Pell
Batting: SHB Soren Loen 0-0: Ball
1-0: Fly out, F8 (Line Drive, 8LM)
Batting: LHB Bill Gracián 0-0: SINGLE (Groundball, 56D)
Batting: RHB Mariano Saelices 0-0: Ball
1-0: Ball
2-0: Ball
3-0: Called Strike
3-1: Foul Ball, location: 2F
3-2: Foul Ball, location: 2F
3-2: Base on Balls
Bill Gracián to second
Batting: RHB Charles Basle 0-0: Ball
1-0: Ball
2-0: 3-RUN HOME RUN (Line Drive, 9D), Distance : 357 ft
Batting: RHB Jean Couturier 0-0: Ball
1-0: Swinging Strike
1-1: Foul Ball, location: 2F
1-2: Strikes out swinging
Batting: RHB Nelson Rivera 0-0: Ball
1-0: Ball
2-0: Ball
3-0: Called Strike
3-1: Ground out 1-3 (Groundball, 15S)
Top of the 7th over - 3 runs, 2 hits, 0 errors, 0 left on base; Salem 11 - San Antonio 0
BOTTOM OF THE 7TH
San Antonio BC batting - Pitching for Salem Misfits : RHP Dusty Fox
Batting: RHB Chet Mathis 0-0: Called Strike
0-1: Foul Ball, location: 2F
0-2: Foul Ball, location: 2F
0-2: Ball
1-2: Foul Ball, location: 2F
1-2: Ball
2-2: Ball
3-2: SINGLE (Groundball, 4MD)
Batting: RHB José Salinas 0-0: Called Strike
0-1: Foul Ball, location: 2F
0-2: Strikes out swinging
Batting: RHB Dixon Snyder 0-0: Called Strike
0-1: Called Strike
0-2: Strikes out swinging
Batting: RHB Brodie Floyd 0-0: Foul Ball, location: 2F
0-1: Ball
1-1: Fly out, F7 (Flyball, 7S)
Bottom of the 7th over - 0 runs, 1 hit, 0 errors, 1 left on base; Salem 11 - San Antonio 0
TOP OF THE 8TH
Salem Misfits batting - Pitching for San Antonio BC : RHP Clyde Pell
Batting: RHB Damon Newbold 0-0: Called Strike
0-1: Swinging Strike
0-2: Ball
1-2: Ball
2-2: Foul Ball, location: 2F
2-2: Fly out, F8 (Flyball, 8LS)
Batting: RHB Atanza Vongor 0-0: Ball
1-0: Called Strike
1-1: Ball
2-1: Called Strike
2-2: Ball
3-2: Base on Balls
Batting: RHB Kimi Okubo 0-0: Foul Ball, location: 2F
0-1: Ball
1-1: Called Strike
1-2: Strikes out swinging
Batting: SHB Soren Loen 0-0: Swinging Strike
0-1: Ball
1-1: Ball
2-1: SINGLE (Flyball, 7LS)
Atanza Vongor to second
Batting: LHB Bill Gracián 0-0: Ball
1-0: Ball
2-0: Ball
3-0: Called Strike
3-1: Foul Ball, location: 2F
3-2: Base on Balls
Atanza Vongor to third
Soren Loen to second
Batting: RHB Mariano Saelices 0-0: Called Strike
0-1: Fly out, F7 (Flyball, 78S)
Top of the 8th over - 0 runs, 1 hit, 0 errors, 3 left on base; Salem 11 - San Antonio 0
BOTTOM OF THE 8TH
San Antonio BC batting - Pitching for Salem Misfits : RHP Dusty Fox
Now at 1B: Pedro Reyes
Batting: RHB Tong-sik Im 0-0: Called Strike
0-1: Foul Ball, location: 2F
0-2: Ball
1-2: Ball
2-2: Fly out, F8 (Flyball, 8LS)
Batting: RHB Alfonso Torres 0-0: Foul Ball, location: 2F
0-1: Ball
1-1: Foul Ball, location: 2F
1-2: Ground out 1-3 (Groundball, 13)
Batting: RHB Alba Hidalgo de Jesus 0-0: Foul Ball, location: 2F
0-1: Foul Ball, location: 2F
0-2: Ball
1-2: Foul Ball, location: 2F
1-2: Ball
2-2: Foul Ball, location: 2F
2-2: Strikes out swinging
Bottom of the 8th over - 0 runs, 0 hits, 0 errors, 0 left on base; Salem 11 - San Antonio 0
TOP OF THE 9TH
Salem Misfits batting - Pitching for San Antonio BC : RHP Clyde Pell
Batting: RHB Charles Basle 0-0: Ground out 6-3 (Groundball, 6)
Batting: RHB Jean Couturier 0-0: Swinging Strike
0-1: SOLO HOME RUN (Flyball, 78XD), Distance : 413 ft
Batting: RHB Nelson Rivera 0-0: Called Strike
0-1: Ball
1-1: Foul Ball, location: 2F
1-2: Ball
2-2: Ball
3-2: Base on Balls
Batting: RHB Damon Newbold 0-0: Called Strike
0-1: Ball
1-1: Fly out, F5 (Line Drive, 5)
Batting: RHB Atanza Vongor 0-0: Ball
1-0: Ground out 4-3 (Groundball, 4)
Top of the 9th over - 1 run, 1 hit, 0 errors, 1 left on base; Salem 12 - San Antonio 0
BOTTOM OF THE 9TH
San Antonio BC batting - Pitching for Salem Misfits : RHP Dusty Fox
Now at 3B: Lu Tsai
Batting: RHB Mike Howard 0-0: SINGLE (Groundball, 6MD)
Batting: RHB Silverberry Mouhon 0-0: Called Strike
0-1: Ball
1-1: Ball
2-1: Called Strike
2-2: Ball
3-2: Fly out, F7 (Flyball, 7LS)
Batting: RHB Chet Mathis 0-0: Ball
1-0: Ball
2-0: Called Strike
2-1: Ball
3-1: Called Strike
3-2: Fly out, F8 (Flyball, 78XD)
Batting: RHB José Salinas 0-0: Foul Ball, location: 2F
0-1: Swinging Strike
0-2: Ball
1-2: Ball
2-2: Fielders Choice at 2nd, 5-4 (Groundball, 5)
Bottom of the 9th over - 0 runs, 1 hit, 0 errors, 1 left on base; Salem 12 - San Antonio 0
Friday, March 29th, 2019 - OOTP Baseball 18.8 Build 76